 Dungeon Crawl Stone Soup version 0.19.0-23-gf02e663 (webtiles) character file.

11240 shmeve the Fighter (level 11, 0/151 HPs)
             Began as a Minotaur Berserker on Nov 19, 2016.
             Was a High Priest of Trog.
             Slain by a spiny frog (6 damage)
             ... on level 11 of the Dungeon.
             The game lasted 00:19:15 (8608 turns).

shmeve the Fighter (Minotaur Berserker)             Turns: 8608, Time: 00:19:16

Health: 0/151      AC: 13    Str: 31    XL:     11   Next: 46%
Magic:  10/10      EV: 10    Int:  4    God:    Trog [*****.]
Gold:   742        SH:  0    Dex:  9    Spells: 0 memorised, 10 levels left

rFire  . . .     SeeInvis .     C - +0 battleaxe
rCold  . . .     Gourm    .     F - +0 plate armour
rNeg   . . .     Faith    .     (shield currently unavailable)
rPois  .         Spirit   .     (helmet restricted)
rElec  .         Reflect  .     (no cloak)
rCorr  .         Harm     .     (no gloves)
MR     .....                    (no boots)
Stlth  ..........               (no amulet)
                                Q - ring of stealth
                                (no ring)

@: berserking, lethally poisoned (0 -> -13), very quick
A: retaliatory headbutt, horns 2
a: Berserk, Trog's Hand, Brothers in Arms, Burn Spellbooks, Renounce Religion


You were on level 11 of the Dungeon.
You worshipped Trog.
Trog was extremely pleased with you.
You were hungry.

You visited 1 branch of the dungeon, and saw 11 of its levels.

You collected 742 gold pieces.

Inventory:

Hand Weapons
 q - a +0 war axe
 C - a +0 battleaxe (weapon)
Missiles
 g - a throwing net
 j - 6 javelins of penetration
 v - 5 javelins of returning (quivered)
 y - 8 javelins
Armour
 F - a +0 plate armour (worn)
 M - a +0 buckler
Jewellery
 Q - a ring of stealth (right hand)
Wands
 t - a wand of lightning (7/15)
 D - a wand of disintegration (15/24)
 P - a wand of slowing (28/48)
Scrolls
 a - a scroll of teleportation {unknown}
 e - a scroll of fog {unknown}
 h - 14 scrolls of identify
 l - 3 scrolls of magic mapping {unknown}
 m - a scroll of remove curse
 r - 3 scrolls of amnesia {unknown}
 w - a scroll of enchant armour {unknown}
 x - a scroll of brand weapon {unknown}
 A - a scroll of summoning {unknown}
 H - a scroll of enchant weapon {unknown}
Potions
 b - 2 potions of magic {unknown}
 d - 2 potions of brilliance {unknown}
 f - a potion of flight {unknown}
 k - 4 potions of curing
 p - 5 potions of lignification {unknown}
 u - a potion of heal wounds {unknown}
 z - a potion of haste
 E - a potion of might
 G - 2 potions of ambrosia {unknown}
 J - a potion of berserk rage {unknown}
 K - a potion of degeneration {unknown}
 O - 2 potions of cure mutation {unknown}
Books
 I - a Grand Grimoire

   Spells                             Type                      Level
   a - Monstrous Menagerie            Summoning                    7
   b - Summon Greater Demon           Summoning                    7
   c - Malign Gateway                 Summoning/Translocation      7
   d - Summon Horrible Things         Summoning                    8
   Trog disapproves of the use of such an item.
 N - a book of Frost

   Spells                             Type                      Level
   a - Freeze                         Ice                          1
   b - Throw Frost                    Conjuration/Ice              2
   c - Ozocubu's Armour               Charms/Ice                   3
   d - Throw Icicle                   Conjuration/Ice              4
   e - Summon Ice Beast               Ice/Summoning                4
   Trog disapproves of the use of such an item.
Comestibles
 c - 10 bread rations
 i - 5 fruits
 n - 3 beef jerkies
 s - 5 meat rations
 B - 10 slices of pizza


   Skills:
 - Level 10.9 Fighting
 - Level 10.6 Axes
 - Level 5.6 Throwing
 - Level 7.6 Armour
 - Level 6.9 Dodging
 * Level 10.9 Shields


You had 10 spell levels left.
You didn't know any spells.

Dungeon Overview and Level Annotations

Branches:
Dungeon (11/15)            Temple (0/1) D:7             Orc (0/2) D:10
   Lair: D:8-11

Altars:
Ashenzari
Cheibriados
Elyvilon
Gozag
Kikubaaqudgha
Makhleb
Okawaru
Ru
Sif Muna
Trog
Uskayaw
Vehumet
Zin
Beogh

Shops:
D:5 %   D:6 ?


Innate Abilities, Weirdness & Mutations

You reflexively headbutt those who attack you in melee.
You have a pair of horns on your head.


Message History

Trog accepts your kill.
You barely miss the blink frog. The blink frog hits you!
* * * LOW HITPOINT WARNING * * *
The blink frog blinks!
The spiny frog stings you!
* * * LOW HITPOINT WARNING * * *
You closely miss the spiny frog. Your headbutt misses the spiny frog.
The spiny frog is heavily wounded.
You slash the hill giant! The spiny frog stings you.
* * * LOW HITPOINT WARNING * * *
You are poisoned.
The spiny frog poisons you!
The cyclops throws a large rock.
The large rock hits you!
* * * LOW HITPOINT WARNING * * *
You chop the hill giant into pieces!!! You headbutt the hill giant!
You kill the hill giant!
Trog accepts your kill.
You slice the spiny frog!! You barely miss the bullfrog.
* * * LOW HITPOINT WARNING * * *
You feel sick. The spiny frog stings you.
You die...

#################
.........<.......
.....).......####
.....F.?.....#
........F†...#
....!...F@...#
........)††..#
.............#
......S......#
(......C.....#
..............
..............
.......%......


You could see a cyclops, a spiny frog, a blink frog, a bullfrog and an adder.

Vanquished Creatures
  The ghost of severenz the Blocker, a journeyman OpFi of Okawaru (D:10)
  An unseen horror (D:10)
  3 hill giants
  Pikel (D:4)
  An ugly thing (D:10)
  A gargoyle (D:10)
  A troll (D:8)
  Prince Ribbit (D:7)
  5 hippogriffs
  A human (D:7)
  The ghost of TheDarkStar the Twirler, an amateur MiGl of Uskayaw (D:4)
  A hungry ghost (D:10)
  4 hogs (D:7)
  Duvessa (D:6)
  7 orc warriors
  4 sky beasts
  4 slaves (D:4)
  3 ice beasts
  2 eyes of draining (D:10)
  A phantom (D:5)
  A necrophage (D:10)
  5 ogres
  4 centaurs
  2 big kobolds
  4 bullfrogs
  A wyvern zombie (D:6)
  4 scorpions
  Dowan (D:6)
  A water moccasin skeleton (D:5)
  12 wights
  5 howler monkeys
  A centaur zombie (D:10)
  2 crimson imps
  3 hounds
  A centaur skeleton (D:10)
  A quasit (D:7)
  9 orc priests
  A bullfrog skeleton (D:4)
  Jessica (D:2)
  Natasha (thrice) (D:3 D:8)
  7 worker ants
  5 orc wizards
  A hound zombie (D:7)
  2 hound skeletons
  A worker ant zombie (D:5)
  2 howler monkey skeletons
  13 adders
  A shadow imp (D:9)
  An ooze (D:3)
  2 adder skeletons
  A worm (D:2)
  A dart slug (D:2)
  6 leopard geckos
  47 orcs
  7 bats
  8 giant cockroaches
  4 goblins
  8 hobgoblins
  8 jackals
  4 quokkas
  2 ball pythons
  6 frilled lizards
  12 kobolds
  A leopard gecko skeleton (D:5)
  2 quokka skeletons (D:4)
  8 rats
266 creatures vanquished.

Vanquished Creatures (others)
  A wizard (D:9)
1 creature vanquished.

Grand Total: 267 creatures vanquished

Notes
Turn   | Place    | Note
-------+----------+-------------------------------------------
     0 | D:1      | shmeve the Minotaur Berserker began the quest for the Orb.
     0 | D:1      | Reached XP level 1. HP: 19/19 MP: 0/0
     0 | D:1      | Upgraded the game from 0.19.0-22-gd96e5fe to 0.19.0-23-gf02e663
   104 | D:1      | Reached XP level 2. HP: 26/27 MP: 1/1
   610 | D:2      | Found an iron altar of Okawaru.
   630 | D:2      | Reached ** piety under Trog
   673 | D:2      | Reached XP level 3. HP: 28/33 MP: 2/2
  1218 | D:2      | Noticed Jessica
  1232 | D:2      | Killed Jessica
  1232 | D:2      | Reached XP level 4. HP: 31/41 MP: 3/3
  1745 | D:3      | Found a shattered altar of Ashenzari.
  1750 | D:3      | Reached skill level 1 in Throwing
  1828 | D:3      | Noticed Natasha
  1834 | D:3      | Killed Natasha
  1834 | D:3      | Reached skill level 5 in Axes
  1834 | D:3      | Reached XP level 5. HP: 37/47 MP: 4/4
  1841 | D:3      | Found a deep blue altar of Sif Muna.
  2384 | D:4      | Noticed an ogre
  2390 | D:4      | Killed an ogre
  2390 | D:4      | Reached skill level 5 in Fighting
  2438 | D:4      | Reached XP level 6. HP: 49/56 MP: 5/5
  2511 | D:4      | Found a burning altar of Makhleb.
  2513 | D:4      | Found a glowing silver altar of Zin.
  2513 | D:4      | Noticed an angel
  2514 | D:4      | Noticed a blizzard demon
  2540 | D:4      | Reached *** piety under Trog
  2578 | D:4      | Noticed TheDarkStar's ghost (amateur MiGl)
  2587 | D:4      | Killed TheDarkStar's ghost
  2609 | D:4      | Found a sacrificial altar of Ru.
  2653 | D:4      | Reached XP level 7. HP: 60/62 MP: 6/6
  2675 | D:4      | Found a white marble altar of Elyvilon.
  2983 | D:4      | Noticed Pikel
  2994 | D:4      | Killed Pikel
  2994 | D:4      | Reached XP level 8. HP: 73/73 MP: 7/7
  3207 | D:5      | Entered Level 5 of the Dungeon
  3259 | D:5      | Found an ancient bone altar of Kikubaaqudgha.
  3283 | D:5      | Reached skill level 5 in Armour
  3361 | D:5      | Reached skill level 5 in Dodging
  3449 | D:5      | Found Xazxez's Food Boutique.
  4009 | D:6      | Found Celiw's Magic Scroll Emporium.
  4059 | D:6      | Reached **** piety under Trog
  4067 | D:6      | Found a radiant altar of Vehumet.
  4070 | D:6      | Noticed Duvessa
  4071 | D:6      | Noticed Dowan
  4081 | D:6      | Killed Dowan
  4089 | D:6      | Killed Duvessa
  4089 | D:6      | Reached XP level 9. HP: 24/82 MP: 8/8
  4524 | D:6      | Found a snail-covered altar of Cheibriados.
  4525 | D:6      | Found a bloodstained altar of Trog.
  4691 | D:6      | Got a translucent shortbow
  4692 | D:6      | Identified the +7 shortbow of the Lame Duck {speed, rElec rN+} (You found it on level 6 of the Dungeon)
  4966 | D:7      | Noticed Prince Ribbit
  4967 | D:7      | Found an opulent altar of Gozag.
  4976 | D:7      | Killed Prince Ribbit
  5117 | D:7      | Found an opulent altar of Gozag.
  5209 | D:7      | Reached skill level 5 in Throwing
  5213 | D:7      | Reached skill level 10 in Fighting
  5213 | D:7      | Reached XP level 10. HP: 24/93 MP: 9/9
  5213 | D:7      | Reached skill level 10 in Axes
  5840 | D:7      | Found a staircase to the Ecumenical Temple.
  6004 | D:8      | Noticed Natasha
  6007 | D:8      | Killed Natasha
  6062 | D:8      | Noticed Natasha
  6066 | D:8      | Killed Natasha
  6206 | D:8      | Noticed a dagger
  6206 | D:8      | Noticed a dagger
  6207 | D:8      | Found a hide-covered altar of Uskayaw.
  7092 | D:9      | Found a roughly hewn altar of Beogh.
  7101 | D:9      | Reached skill level 1 in Shields
  7108 | D:9      | Reached ***** piety under Trog
  7119 | D:9      | Received a gift from Trog
  7380 | D:9      | Found a bloodstained altar of Trog.
  7381 | D:9      | Noticed a wizard
  7387 | D:9      | Killed a wizard
  7444 | D:10     | Entered Level 10 of the Dungeon
  7457 | D:10     | Noticed a hill giant
  7464 | D:10     | Killed a hill giant
  7464 | D:10     | Reached skill level 5 in Shields
  7583 | D:10     | Found a staircase to the Orcish Mines.
  7682 | D:10     | Noticed a hill giant
  7688 | D:10     | Killed a hill giant
  7688 | D:10     | Reached XP level 11. HP: 91/101 MP: 7/10
  7728 | D:10     | Received a gift from Trog
  7830 | D:10     | Killed an unseen horror
  8237 | D:10     | Noticed severenz's ghost (journeyman OpFi)
  8251 | D:10     | Killed severenz's ghost
  8286 | D:10     | Noticed a green ugly thing
  8297 | D:10     | Killed a green ugly thing
  8297 | D:10     | Reached skill level 10 in Shields
  8598 | D:11     | Noticed a hill giant
  8607 | D:11     | HP: 7/151 [cyclops/large rock (9)]
  8608 | D:11     | Killed a hill giant
  8608 | D:11     | Slain by a spiny frog

Skill      XL: |  1  2  3  4  5  6  7  8  9 10 11 |
---------------+----------------------------------+-----
Axes           | 4 5 6 7 8 9 10 | 10.6
Fighting       | 4 5 7 8 10 | 10.9
Armour         | 3 4 5 7 |  7.6
Throwing       | 1 2 3 5 |  5.6
Dodging        | 3 4 5 6 |  6.9
Shields        | 7 10 | 10.9

Action                   |  1- 3 |  4- 6 |  7- 9 | 10-12 || total
-------------------------+-------+-------+-------+-------++-------
Melee: Hand axe          |    81 |    64 |       |       ||   145
       Headbutt          |    10 |    27 |    54 |    63 ||   154
       War axe           |       |    41 |   186 |       ||   227
       Battleaxe         |       |       |    29 |   268 ||   297
Throw: Javelin           |       |       |       |     3 ||     3
Invok: Burn Spellbooks   |       |     1 |     1 |       ||     2
       Berserk           |       |     1 |     6 |     8 ||    15
       Trog's Hand       |       |       |     2 |     3 ||     5
  Use: Scroll            |       |     3 |       |       ||     3
       Potion            |       |       |       |     1 ||     1
 Stab: Paralysed         |       |     1 |       |       ||     1
       Distracted        |       |       |     1 |       ||     1
  Eat: Chunk             |     1 |     6 |    14 |    14 ||    35
       Fruit             |       |       |       |     7 ||     7
       Royal jelly       |       |       |       |     1 ||     1
Armor: Chain mail        |    55 |    54 |   139 |    37 ||   285
       Plate armour      |       |       |       |   158 ||   158
Dodge: Dodged            |    51 |    70 |   152 |   155 ||   428
